 Dungeon Crawl Stone Soup version 0.31-a0-614-gc85dc1c48c (webtiles) character file.

Game seed: 15047134259491706715

191 CrazyBamboolord the Changeling (level 5, -1/33 HPs)
             Began as an Octopode Shapeshifter on Aug 22, 2023.
             Killed from afar by an orc wizard (9 damage)
             ... with a puff of flame
             ... on level 4 of the Dungeon.
             The game lasted 00:03:52 (2762 turns).

CrazyBamboolord the Changeling (OpSh)               Turns: 2762, Time: 00:03:53

Health: -1/33      AC:  1    Str: 16    XL:     5   Next: 70%
Magic:  5/5        EV: 12    Int: 10    God:
Gold:   120        SH:  7    Dex: 13    Spells: 4/4 levels left

rFire   . .          .
                       - Unarmed
rCold   . . .        a - +3 warlock's mirror {omnireflect}
rNeg    . . .        (helmet currently unavailable)
rPois   .            (no amulet)
rElec   .            (no ring)
rCorr   .            (no ring)
SInv    .            (no ring)
Will    .....        (no ring)
Stlth   ++           (no ring)
HPRegen 0.25/turn    (no ring)
MPRegen 0.09/turn    (no ring)
                     (no ring)

%: reflection
@: beast-form, hasted, very quick
A: beast (slay +3), almost no armour, amphibious, 8 rings, camouflage 1,
gelatinous body 1, (nimble swimmer 1), tentacles
a: Begin Untransformation


You were on level 4 of the Dungeon.
You were a hulking beast.
You visited 1 branch of the dungeon, and saw 4 of its levels.

You collected 120 gold pieces.

Inventory:

Missiles
 q - a throwing net
Armour
 a - the +3 warlock's mirror (worn) {omnireflect}
   (You acquired it on level 4 of the Dungeon)

   Omnireflect: It can block and reflect piercing ranged attacks and magical
   attacks against the wielder's willpower.
Talismans
 b - a beast talisman (active)
 c - a flux talisman
Scrolls
 h - 2 scrolls of noise
 j - a scroll of revelation {unknown}
 k - 2 scrolls of teleportation
 l - 2 scrolls of fear
 s - a scroll of blinking {unknown}
Potions
 d - 2 potions of resistance
 e - 2 potions of haste
 f - 3 potions of degeneration
 g - a potion of curing
 i - 3 potions of cancellation {unknown}
 n - a potion of mutation {unknown}
 o - a potion of heal wounds {unknown}
 p - 2 potions of ambrosia {unknown}
 r - a potion of attraction {unknown}


   Skills:
 - Level 1.0 Fighting
 - Level 2.0 Dodging
 - Level 3.0 Unarmed Combat
 * Level 5.4 Shapeshifting


You had 4 spell levels left.
You didn't know any spells.
Your spell library contained the following spells:

 Spells                   Type           Power      Damage    Failure   Level
 Tukima's Dance           Hex            0%         N/A       83%         3
 Passage of Golubria      Tloc           0%         N/A       99%         4
 Yara's Violent Unravell  Hex/Tmut       0%         3d3       100%        5


Dungeon Overview and Level Annotations

Branches:
Dungeon (4/15)
 Temple: D:4-7

Altars:
Ashenzari
Trog
Vehumet

Shops:
D:2 :

Annotations:
D:3 exclusion: statue


Innate Abilities, Weirdness & Mutations

You are a hulking beast.
Your limbs bulge with bestial killing power. (Slay +3)
You cannot wear most types of armour.
You are amphibious.
You can wear up to eight rings at the same time.
Your skin changes colour to match your surroundings (Stealth+).
Your rubbery body absorbs attacks. (AC +1, EV +1)
((You are camouflaged when in or above water. (Stealth+)))
You have tentacles for arms and can constrict up to eight enemies at once.


Message History

You see here a scroll of teleportation.
k - 2 scrolls of teleportation (gained 1)
An orc wizard comes into view. It is wielding a +0 dagger.
An orc comes into view. It is wielding a +0 dagger.
The orc shouts!
You hear a shout!
The orc throws a boomerang.
The boomerang barely misses you.
You see here a staff of death.
The orc throws a boomerang.
You block the boomerang with your +3 warlock's mirror {omnireflect}... and reflect it back!
The boomerang hits the orc!
You kill the orc!
The orc wizard points at you and mumbles some strange words.
Your +3 warlock's mirror {omnireflect} blocks the magic dart... and reflects it back!
The magic dart hits the orc wizard.
You see here a +0 club.
The orc wizard gestures wildly while chanting.
The orc wizard flickers and vanishes!
Deactivating autopickup; reactivate with Ctrl-A.
You hear the slow hiss of a very distant avalanche of sand.
You tentacle-slap something. Something hits you.
You barely miss something. Your squeeze misses something. Something hits you.
You tentacle-slap something. Your squeeze misses something.
You hear some strange, mumbled words.
A magic dart appears from out of thin air!
The magic dart hits you. Something hits you.
You tentacle-slap something. Your squeeze misses something. Something hits you.
* * * LOW HITPOINT WARNING * * *
You feel better. You block something's attack.
You feel yourself speed up.
You hear some strange, mumbled words.
A puff of flame appears from out of thin air!
The puff of flame hits you!
* * * LOW HITPOINT WARNING * * *
Unknown command.
You closely miss something. You tentacle-slap something.
Your squeeze misses something.
You hear some strange, mumbled words.
A puff of flame appears from out of thin air!
The puff of flame hits you!
You die...

#........## #.........#
#..†....... #......#
#######...## #......<.##
#........# #. #........#
#.# #.......h# #.# #
#.......{## #.##.
#.........### ##.#..
#...........########..#.#
###########........#.....
##...........#.
#..............
#..........)##.
#..........)...


There were no monsters in sight!

Vanquished Creatures
  A scorpion (D:4)
  A hound (D:3)
  Robin (D:2)
  2 adders
  2 dart slugs
  An orc (D:4)
  7 ball pythons
  6 bats
  5 endoplasms
  A giant cockroach (D:2)
  11 goblins
  6 hobgoblins
  6 jackals
  7 kobolds
  A quokka (D:4)
  A frilled lizard (D:3)
  4 rats
63 creatures vanquished.

Notes
Turn   | Place    | Note
-------+----------+-------------------------------------------
     0 | D:1      | CrazyBamboolord the Octopode Shapeshifter began the quest
                  | for the Orb.
     0 | D:1      | Reached XP level 1. HP: 13/13 MP: 1/1
   344 | D:1      | Reached XP level 2. HP: 18/18 MP: 2/2
   687 | D:1      | Found a faded altar of an unknown god.
   835 | D:2      | Reached XP level 3. HP: 9/23 MP: 3/3
   952 | D:2      | Noticed Robin
   979 | D:2      | Reached skill level 4 in Shapeshifting
   993 | D:2      | Killed Robin
  1125 | D:2      | Reached XP level 4. HP: 20/28 MP: 4/4
  1176 | D:2      | Found Utzel's Book Shop.
  1870 | D:3      | Found a broken altar of Ashenzari.
  1974 | D:3      | Found a bloodstained altar of Trog.
  2028 | D:3      | Found a radiant altar of Vehumet.
  2030 | D:3      | Noticed a charred statue
  2367 | D:3      | Reached XP level 5. HP: 22/33 MP: 5/5
  2368 | D:3      | Reached skill level 5 in Shapeshifting
  2667 | D:4      | Identified a scroll of acquirement
  2667 | D:4      | Acquired the +3 warlock's mirror {omnireflect}
  2667 | D:4      | Found the +3 warlock's mirror {omnireflect}
  2762 | D:4      | Killed from afar by an orc wizard

Illustrated notes

Levels and vault maps discovered:
D:1:      roderic_chinese_lattice_arrival, layout_basic,
          dilly_ecumenical_altar_fadedgnrine
D:2:      layout_basic, serial_shops, shop, grunt_decor_arrowhead,
          chequers_serial_rivers_large_b, chequers_garden,
          amcnicky_mini_rare_corridor_liquid, uniq_robin
D:3:      layout_basic, bloody_trog, evilmike_ruin_ashenzari, vehumet_statue
D:4:      layout_rooms, nicolae_ossuary_entry_false_entrances,
          gammafunk_ghost_icy, minmay_checkerbox

Skill      XL: |  1  2  3  4  5 |
---------------+----------------+-----
Shapeshifting  | 4 5 |  5.4
Fighting       | |  1.0
Dodging        | |  2.0
Unarmed Combat | |  3.0

Action                     |  1- 3 |  4- 6 || total
---------------------------+-------+-------++-------
  Melee: Unarmed           |    72 |    56 ||   128
         Constrict         |    20 |    13 ||    33
         Tentacles         |     8 |     7 ||    15
         Punch             |     6 |     2 ||     8
    Use: Potion            |     1 |     2 ||     3
         Scroll            |       |     9 ||     9
   Stab: Sleeping          |     4 |     1 ||     5
 Armour: Skin              |    13 |       ||    13
  Dodge: Dodged            |    60 |    28 ||    88
  Block: Buckler           |       |     8 ||     8
         Reflection        |       |     2 ||     2

Table legend: (Time is in decaauts)
 A = Elapsed time spent in this place.
 B = Non-inter-level travel time spent in this place.
 C = Inter-level travel time spent in this place.
 D = Time resting spent in this place.
 E = Time spent auto-exploring this place.
 F = Levels seen in this place.
 G = Mean time per level.
                   A        B        C        D        E       F      G
               +--------+--------+--------+--------+--------+-----+--------+
         Total |   2754 |   2689 |     65 |     50 |   2177 |   4 |  688.5 |
       Dungeon |   2754 |   2689 |     65 |     50 |   2177 |   4 |  688.5 |
               +--------+--------+--------+--------+--------+-----+--------+

Top non-repeatable levels by time:
     D:2: 1098 daAuts
     D:3: 831 daAuts
     D:1: 714 daAuts
     D:4: 110 daAuts
